 Dungeon Crawl Stone Soup version 0.27.1-4-g1640c2035a (webtiles) character file.

Game seed: 9695627732941264736

348 zeram the Caller (level 6, -5/53 HPs)
             Began as a Troll Summoner on Nov 10, 2021.
             Killed by divine providence
             ... invoked by an orc priest
              (12 damage)
             ... on level 4 of the Dungeon.
             The game lasted 00:06:10 (2648 turns).

zeram the Caller (Troll Summoner)                   Turns: 2648, Time: 00:06:10

Health: -5/53      AC:  4    Str: 17    XL:     6   Next: 33%
Magic:  6/6        EV: 10    Int: 13    God:
Gold:   143        SH:  0    Dex: 10    Spells: 2/7 levels left

rFire    . . .     SeeInvis .   c - +1 whip
rCold    . . .     Faith    .   (no shield)
rNeg     . . .     Spirit   .   a - +0 robe
rPois    .         Reflect  .   (helmet restricted)
rElec    .         Harm     .   (no cloak)
rCorr    .         Rampage  .   (gloves unavailable)
Will     .....                  (boots unavailable)
Stlth    +.........             (no amulet)
HPRegen  1.17/turn              (no ring)
MPRegen  0.10/turn              (no ring)

@: confused, lethally poisoned (-5 -> -14), ambrosia-drunk
A: large, unfitting armour, claws 3, regeneration 1, shaggy fur 1, tough skin 1
a: no special abilities


You were on level 4 of the Dungeon.
You visited 1 branch of the dungeon, and saw 4 of its levels.

You collected 143 gold pieces.

Inventory:

Hand Weapons
 c - a +1 whip (weapon)
Armour
 a - a +0 robe (worn)
Scrolls
 d - a scroll of fog
 g - a scroll of identify


   Skills:
 + Level 3.9 Dodging
 - Level 1.0 Stealth
 - Level 1.2 Spellcasting
 + Level 4.7 Summonings


You had 2 spell levels left.
You knew the following spells:

 Your Spells              Type           Power      Damage    Failure   Level
a - Call Canine Familiar  Summ           13%        N/A       12%         3
b - Call Imp              Summ           13%        N/A       6%          2

Your spell library contained the following spells:

 Spells                   Type           Power      Damage    Failure   Level
 Summon Small Mammal      Summ           52%        N/A       4%          1
 Shock                    Conj/Air       0%         1d3       28%         1
 Slow                     Hex            0%         N/A       38%         2
 Summon Guardian Golem    Hex/Summ       6%         N/A       30%         3
 Confusing Touch          Hex            0%         N/A       63%         3
 Swiftness                Air            0%         N/A       63%         3
 Summon Lightning Spire   Summ/Air       6%         N/A       71%         4
 Airstrike                Air            0%         N/A       95%         4
 Yara's Violent Unravell  Hex/Tmut       0%         3d3       100%        5


Dungeon Overview and Level Annotations

Branches:
Dungeon (4/15)
 Temple: D:4-7

Altars:


Innate Abilities, Weirdness & Mutations

You are too large for most types of armour.
You have claws for hands.
Your natural rate of healing is unusually fast.
You are covered in fur. (AC +1)
You have tough skin. (AC +1)


Message History

The orc priest begins to cast a cantrip, but forgets the words!
Casting: Call Imp (safe; 6% risk of failure)
Confirm with . or Enter, or press ? or * to list all spells.
A beastly little devil appears in a puff of flame.
The scorpion stings you. x2
* * * LOW HITPOINT WARNING * * *
The orc priest hits your crimson imp but does no damage.
Your crimson imp blinks!
You closely miss the scorpion. The scorpion stings you. x2
* * * LOW HITPOINT WARNING * * *
You are poisoned.
The scorpion poisons you!
Your crimson imp completely misses the scorpion.
Unknown command.
You hit the scorpion but do no damage.
You feel very sick. The scorpion closely misses you.
The scorpion stings you but does no damage.
The scorpion stings you!
* * * LOW HITPOINT WARNING * * *
The scorpion stings you.
* * * LOW HITPOINT WARNING * * *
Your crimson imp hits the scorpion but does no damage.
Casting: Call Imp (safe; 6% risk of failure)
Confirm with . or Enter, or press ? or * to list all spells.
Okay, then.
You are confused.
You feel invigorated.
You feel sick. The scorpion barely misses you. The scorpion closely misses you.
Your crimson imp hits the scorpion but does no damage.
You bump into the rock wall.
You feel sick. The scorpion stings you.
* * * LOW HITPOINT WARNING * * *
The scorpion stings you.
* * * LOW HITPOINT WARNING * * *
You are lethally poisoned!
The scorpion poisons you!
Your crimson imp barely misses the orc priest.
The orc priest calls down the wrath of Beogh upon you.
Beogh smites you!
You die...

#.# #.# #### #.#
#.. #.# #.#
#.#######.#
#.........#######.#
##########.5....s.#
#s######## #@# #s#


ooo .5... #...... #.....## ##...## ##### You could see 2 scorpions, an orc
priest (ally target), an orc wizard, an orc and 2 friendly crimson imps.

Vanquished Creatures
  A necrophage (D:4)
  A phantom (D:4)
  Natasha (twice) (D:2)
  3 adders (D:2)
  3 dart slugs
  5 bats
  8 endoplasms
  3 giant cockroaches
  8 goblins
  9 hobgoblins
  2 jackals (D:3)
  5 quokkas
  6 ball pythons
  5 frilled lizards
  3 kobolds
  6 rats
70 creatures vanquished.

Vanquished Creatures (collateral kills)
  4 adders (D:2)
  A worm (D:2)
  A bat (D:2)
  An endoplasm (D:2)
  A kobold (D:2)
  A quokka (D:2)
  A frilled lizard (D:2)
10 creatures vanquished.

Grand Total: 80 creatures vanquished

Notes
Turn   | Place    | Note
-------+----------+-------------------------------------------
     0 | D:1      | zeram the Troll Summoner began the quest for the Orb.
     0 | D:1      | Reached XP level 1. HP: 16/16 MP: 1/1
    13 | D:1      | Reached skill level 3 in Summonings
    37 | D:1      | Reached XP level 2. HP: 24/24 MP: 2/2
   355 | D:1      | Reached XP level 3. HP: 31/31 MP: 3/3
   716 | D:2      | Found a faded altar of an unknown god.
   751 | D:2      | Learned a level 2 spell: Call Imp
   822 | D:2      | Reached skill level 4 in Summonings
   859 | D:2      | Reached XP level 4. HP: 34/39 MP: 2/4
  1074 | D:2      | Learned a level 3 spell: Call Canine Familiar
  1434 | D:2      | Noticed Natasha
  1463 | D:2      | HP: 1/39 [Natasha (7)]
  1464 | D:2      | Killed Natasha
  1465 | D:2      | Reached XP level 5. HP: 3/45 MP: 3/5
  1607 | D:2      | Noticed Natasha
  1628 | D:2      | Killed Natasha
  2441 | D:4      | Noticed a necrophage
  2458 | D:4      | Killed a necrophage
  2459 | D:4      | Reached XP level 6. HP: 28/53 MP: 6/6
  2648 | D:4      | Killed from afar by an orc priest

Illustrated notes

Levels and vault maps discovered:
D:1:      lemuel_arrival_hallway, layout_loops_ring, minmay_pentomino_q2
D:2:      minmay_skewed_foursquare, layout_basic, basic_ecumenical_altar,
          minmay_bisected, uniq_natasha
D:3:      layout_basic
D:4:      layout_loops_ring

Skill      XL: |  1  2  3  4  5 |
---------------+----------------+-----
Summonings     | 3 4 |  4.7
Dodging        | 2 3 |  3.9
Stealth        | |  1.0
Spellcasting   | |  1.2

Action                   |  1- 3 |  4- 6 || total
-------------------------+-------+-------++-------
Melee: Unarmed           |    41 |       ||    41
       Whip              |   109 |   227 ||   336
 Cast: Summon Small Mamm |     3 |       ||     3
       Call Imp          |     2 |    11 ||    13
       Call Canine Famil |       |     1 ||     1
  Use: Scroll            |       |     5 ||     5
       Potion            |       |     6 ||     6
 Stab: Sleeping          |     4 |     1 ||     5
Armor: Robe              |    65 |   100 ||   165
Dodge: Dodged            |    81 |   131 ||   212
